 Dungeon Sprint DCSS version 0.30-a0-371-gad7725a93e (webtiles) character file.

Game seed: 1607969014763382733

15041 Kingsmith the Slayer (level 11, -4/130 HPs)
             Began as a Minotaur Berserker on Nov 21, 2022.
             Was the Champion of Trog.
             Killed from afar by a nagaraja (8 damage)
             ... with a poison arrow
             ... in the Dungeon (Sprint III: "The Ten Rune Challenge").
             The game lasted 00:08:43 (2631 turns).

Kingsmith the Slayer (Minotaur Berserker)           Turns: 2631, Time: 00:08:44

Health: -4/130     AC: 25    Str: 30    XL:     11   Next: 96%
Magic:  10/10      EV: 14    Int:  7    God:    Trog [******]
Gold:   1869       SH:  0    Dex: 13    Spells: 10/10 levels left

rFire   . . .      SeeInvis .    p - +9 quarterstaff of the Snake Pit {vorpal, Will+}
rCold   . . .      Faith    .    (shield currently unavailable)
rNeg    . . .      Spirit   .    r - +8 plate armour of Dishonour {rPois Str+4 Int+3 Dex+3}
rPois   +          Reflect  .    (helmet restricted)
rElec   .          Harm     .    (no cloak)
rCorr   .          Rampage  .    (no gloves)
Will    +++..      NoTele   +    (no boots)
Stlth   ..........               (no amulet)
HPRegen 1.41/turn                (no ring)
MPRegen 0.12/turn                (no ring)

@: lethally poisoned (-4 -> -14), strong-willed, on berserk cooldown,
regenerating, slowed, very slow
A: horns 2, retaliatory headbutt
a: Renounce Religion, Berserk, Trog's Hand, Brothers in Arms


You were in the Dungeon.
You worshipped Trog.
Trog was exalted by your worship.
You visited 1 branch You collected 3011 gold pieces.
You spent 1142 gold pieces at shops.

Inventory:

Hand Weapons
 a - a +1 battleaxe of flaming
 m - a +0 long sword of holy wrath
 p - the +9 quarterstaff of the Snake Pit (weapon) {vorpal, Will+}
   (Trog gifted it to you in the Dungeon)

   It inflicts extra damage upon your enemies.
   Will:      It increases your willpower.
 q - a +1 antimagic battleaxe
Armour
 r - the +8 plate armour of Dishonour (worn) {rPois Str+4 Int+3 Dex+3}
   (You bought it in a shop in the Dungeon)

   Str:       It affects your strength (+4).
   Int:       It affects your intelligence (+3).
   Dex:       It affects your dexterity (+3).
   rPois:     It protects you from poison.
Wands
 o - a wand of flame (19)
Scrolls
 h - a scroll of blinking
 i - 2 scrolls of poison {unknown}
 j - 3 scrolls of identify
Potions
 c - 2 potions of curing
 d - a potion of heal wounds
 e - a potion of haste
 f - 2 potions of magic
 g - a potion of berserk rage
 k - 3 potions of flight
 l - 6 potions of mutation
 n - a potion of might
Miscellaneous
 b - a condenser vane


   Skills:
 * Level 22.6 Fighting
 + Level 17.0 Axes
 + Level 16.4 Armour
 + Level 15.1 Dodging


You had 10 spell levels left.
You didn't know any spells.
Your spell library was empty.

Dungeon Overview and Level Annotations

Branches:
Dungeon (1/1)

Altars:
Cheibriados
Dithmenos
Elyvilon
Fedhas
Gozag
Hepliaklqana
Kikubaaqudgha
Makhleb
Nemelex Xobeh
Okawaru
Qazlal
Ru
Sif Muna
Trog
Uskayaw
Vehumet
Wu Jian
Xom
Yredelemnul
Zin
The Shining One
Jiyva
Lugonu

Shops:
D [=[!


Innate Abilities, Weirdness & Mutations

You have a pair of horns on your head.
You reflexively headbutt those who attack you in melee.


Message History

Your stone giant hits the naga warrior!!!
The naga warrior dies!
Trog accepts your kill. The nagaraja spits poison at you.
The splash of poison hits you but does no damage.
You resist. The nagaraja constricts you. The naga hits you with a +0 scimitar!
* * * LOW HITPOINT WARNING * * *
Your Axes skill increases to level 17!
Unknown command.
The nagaraja's grasp on you weakens, but your attempt to escape fails.
You feel a strong urge to attack something.
You feel very sick.
The nagaraja mumbles some strange words.
The nagaraja seems to speed up.
The nagaraja constricts you.
* * * LOW HITPOINT WARNING * * *
You escape the nagaraja's grasp.
You feel very sick.
Your stone giant hits the naga!
The naga hits your stone giant with a +0 scimitar!!
You feel your anger nearly subside.
You feel sick.
Your stone giant closely misses the naga.
The naga spits poison at your stone giant.
The splash of poison hits your stone giant.
Your stone giant is poisoned.
You are no longer berserk.
You are exhausted.
You feel yourself slow down.
You feel sick.
Your stone giant hits the naga!!
The naga dies!
Trog accepts your kill.
You feel very sick.
Your stone giant hits the naga!!!
The naga dies!
Trog accepts your kill.
Your stone giant hits the nagaraja!
The nagaraja points at you and mumbles some strange words.
The poison arrow hits you!
You are lethally poisoned!
You partially resist.
You die...

#............#
###########..#
##.........††#
#...........##
#.)##########
#†.†........##
##...........#
##########..#
#...).N..@..#
#∩...)C.....##
#∩.##########
#∩


You could see a nagaraja (fast, strong, ally target) and a friendly stone giant
(summoned, berserk, poisoned).

Vanquished Creatures
  2 hydras (D)
  Erolcha (D)
  2 anacondas (D)
  Urug (D)
  An orc high priest (D)
  A deep elf knight (D)
  A death drake (D)
  A lindwurm (D)
  4 deep elf pyromancers (D)
  An orc sorcerer (D)
  3 black mambas (D)
  2 cane toads (D)
  A komodo dragon (D)
  3 wandering mushrooms (D)
  2 tyrant leeches (D)
  A shadow (D)
  5 redbacks (D)
  A spatial vortex (D)
  8 water moccasins (D)
  5 two-headed ogres (D)
  A necrophage (D)
  A scorpion (D)
  A water elemental (D)
  An electric eel (D)
  A jelly (D)
  2 orc priests (D)
  Jessica (D)
  A wizard (D)
  A necromancer (D)
  3 humans (D)
  A kobold demonologist (D)
  6 adders (D)
  9 orcs (D)
  2 endoplasms (D)
  A kobold (D)
  A rat (D)
79 creatures vanquished.

Vanquished Creatures (collateral kills)
  A naga warrior (D)
  An orc knight (D)
  2 nagas (D)
  2 orc warriors (D)
  An orc wizard (D)
7 creatures vanquished.

Grand Total: 86 creatures vanquished

Notes
Turn   | Place    | Note
-------+----------+-------------------------------------------
     0 | D        | Kingsmith the Minotaur Berserker began the quest for the
                  | Orb.
     0 | D        | Reached XP level 1. HP: 19/19 MP: 0/0
     6 | D        | Reached skill level 4 in Fighting
    14 | D        | Noticed Jessica
    19 | D        | Killed Jessica
    19 | D        | Reached ** piety under Trog
    20 | D        | Reached skill level 5 in Fighting
    20 | D        | Reached skill level 5 in Axes
    20 | D        | Reached XP level 2. HP: 24/30 MP: 1/1
    20 | D        | Reached XP level 3. HP: 29/37 MP: 2/2
   159 | D        | Noticed a scorpion
   166 | D        | Killed a scorpion
   167 | D        | Reached skill level 7 in Fighting
   167 | D        | Reached XP level 4. HP: 35/47 MP: 3/3
   281 | D        | Reached *** piety under Trog
   362 | D        | Noticed a water elemental
   365 | D        | Killed a water elemental
   366 | D        | Reached skill level 8 in Fighting
   366 | D        | Reached skill level 5 in Armour
   366 | D        | Reached skill level 5 in Dodging
   366 | D        | Reached XP level 5. HP: 38/56 MP: 4/4
   429 | D        | Found a glowing silver altar of Zin.
   429 | D        | Found a glowing golden altar of the Shining One.
   429 | D        | Found a white marble altar of Elyvilon.
   430 | D        | Noticed a deep elf pyromancer
   438 | D        | Killed a deep elf pyromancer
   439 | D        | Reached skill level 12 in Fighting
   439 | D        | Reached XP level 6. HP: 30/70 MP: 5/5
   439 | D        | Reached XP level 7. HP: 33/77 MP: 6/6
   710 | D        | Found a hide-covered altar of Uskayaw.
   710 | D        | Found an iron altar of Okawaru.
   710 | D        | Found a bloodstained altar of Trog.
   710 | D        | Found an ornate altar of the Wu Jian Council.
   710 | D        | Noticed a human
   710 | D        | Noticed a human
   726 | D        | Killed a human
   727 | D        | Reached skill level 10 in Axes
   733 | D        | Killed a human
   733 | D        | Reached **** piety under Trog
   734 | D        | Reached skill level 13 in Fighting
   910 | D        | Found a basalt altar of Yredelemnul.
   910 | D        | Found a shadowy altar of Dithmenos.
   910 | D        | Found a sacrificial altar of Ru.
   961 | D        | Found a radiant altar of Vehumet.
   962 | D        | Found a shimmering blue altar of Sif Muna.
   962 | D        | Found an ancient bone altar of Kikubaaqudgha.
   965 | D        | Reached ***** piety under Trog
  1037 | D        | Noticed a shadow
  1042 | D        | Killed a shadow
  1043 | D        | Reached XP level 8. HP: 76/88 MP: 7/7
  1132 | D        | Found a blossoming altar of Fedhas.
  1132 | D        | Found a stormy altar of Qazlal.
  1132 | D        | Found a snail-covered altar of Cheibriados.
  1132 | D        | Found a burning altar of Makhleb.
  1132 | D        | Found a shimmering altar of Xom.
  1133 | D        | Found a hazy altar of Hepliaklqana.
  1133 | D        | Found an opulent altar of Gozag.
  1133 | D        | Found a sparkling altar of Nemelex Xobeh.
  1133 | D        | Found a corrupted altar of Lugonu.
  1133 | D        | Found a viscous altar of Jiyva.
  1303 | D        | Reached skill level 14 in Fighting
  1325 | D        | Reached skill level 10 in Armour
  1355 | D        | Found Etzuofy's Armour Shoppe.
  1356 | D        | Noticed an orc high priest
  1358 | D        | Noticed an orc knight
  1360 | D        | Reached ****** piety under Trog
  1360 | D        | Received a gift from Trog
  1363 | D        | Killed an orc high priest
  1364 | D        | Reached skill level 15 in Fighting
  1364 | D        | Reached skill level 10 in Dodging
  1364 | D        | Reached XP level 9. HP: 97/97 MP: 8/8
  1407 | D        | Killed an orc knight
  1408 | D        | Reached skill level 16 in Fighting
  1477 | D        | Received a gift from Trog
  1556 | D        | Bought the +8 plate armour of Dishonour {rPois Str+4 Int+3
                  | Dex+3} for 1142 gold pieces
  1580 | D        | Noticed a deep elf pyromancer
  1580 | D        | Noticed a deep elf knight
  1580 | D        | Noticed a deep elf pyromancer
  1580 | D        | Noticed a deep elf pyromancer
  1580 | D        | Noticed a deep elf pyromancer
  1591 | D        | Killed a deep elf pyromancer
  1592 | D        | Reached skill level 17 in Fighting
  1592 | D        | Noticed a deep elf annihilator
  1594 | D        | Killed a deep elf pyromancer
  1595 | D        | Killed a deep elf knight
  1595 | D        | Received a gift from Trog
  1596 | D        | Reached XP level 10. HP: 112/112 MP: 3/9
  1600 | D        | Killed a deep elf pyromancer
  1601 | D        | Reached skill level 18 in Fighting
  1689 | D        | Noticed a deep elf high priest
  1689 | D        | Noticed a deep elf demonologist
  1689 | D        | Noticed a deep elf pyromancer
  1689 | D        | Noticed a deep elf death mage
  1732 | D        | Noticed Erolcha
  1737 | D        | Killed Erolcha
  1749 | D        | Received a gift from Trog
  1750 | D        | Reached skill level 19 in Fighting
  1961 | D        | Noticed an orc sorcerer
  1967 | D        | Killed an orc sorcerer
  2009 | D        | Noticed a cane toad
  2009 | D        | Noticed a cane toad
  2013 | D        | Killed a cane toad
  2026 | D        | Killed a cane toad
  2027 | D        | Reached skill level 20 in Fighting
  2027 | D        | Reached skill level 15 in Axes
  2027 | D        | Reached XP level 11. HP: 104/124 MP: 3/10
  2068 | D        | Noticed a lindwurm
  2073 | D        | Killed a lindwurm
  2086 | D        | Received a gift from Trog
  2088 | D        | Noticed Urug
  2089 | D        | Paralysed by Urug for 4 turns
  2100 | D        | Killed Urug
  2101 | D        | Reached skill level 15 in Armour
  2106 | D        | Noticed an eight-headed hydra
  2106 | D        | Noticed a five-headed hydra
  2115 | D        | Killed a two-headed hydra
  2116 | D        | Reached skill level 21 in Fighting
  2118 | D        | Killed a six-headed hydra
  2119 | D        | Noticed a death drake
  2128 | D        | Killed a death drake
  2130 | D        | HP: 7/190 [something (3)]
  2135 | D        | HP: 6/127 [poison (dark miasma)]
  2366 | D        | Noticed an anaconda
  2376 | D        | Killed an anaconda
  2459 | D        | Noticed an anaconda
  2465 | D        | Killed an anaconda
  2466 | D        | Reached skill level 22 in Fighting
  2468 | D        | Identified the +9 quarterstaff of the Snake Pit {vorpal,
                  | Will+} (Trog gifted it to you in the Dungeon)
  2468 | D        | Received a gift from Trog
  2490 | D        | Received a gift from Trog
  2495 | D        | Reached skill level 15 in Dodging
  2617 | D        | Noticed a naga warrior
  2617 | D        | Noticed a nagaraja
  2620 | D        | Found Poboeczuok's Jewellery Shop.
  2620 | D        | Found Mamaluf's Antique Armour Shoppe.
  2622 | D        | Found Naqoel's Distillery.
  2626 | D        | Killed a naga warrior
  2630 | D        | HP: 6/130 [poisoned by a nagaraja (poison arrow)]
  2631 | D        | Killed from afar by a nagaraja

Illustrated notes

Levels and vault maps discovered:
D:        dungeon_sprint_mu [sprint_mu_entry_forest, sprint_mu_temple_rooms,
          sprint_mu_d1_spiders, sprint_mu_d2_genie, sprint_mu_d3_branching,
          sprint_mu_orc_legion, sprint_mu_elf_gauntlet, sprint_mu_hive_nellie,
          sprint_mu_lair_fedhas, sprint_mu_vaults_butterflies,
          sprint_mu_slime_circle, sprint_mu_swamp_cave, sprint_mu_snake_twists,
          sprint_mu_blade_basic, sprint_mu_crypt_lich, sprint_mu_tomb_spiral,
          sprint_mu_vestibule_basic, sprint_mu_gehenna_hellfire,
          sprint_mu_dis_giant, sprint_mu_tartarus_statrot,
          sprint_mu_cocytus_islands, sprint_mu_zot1]

Skill      XL: |  1  2  3  4  5  6  7  8  9 10 11 |
---------------+----------------------------------+-----
Fighting       | 5 7 8 12 13 15 17 20 22 | 22.6
Axes           | 5 6 7 9 10 12 13 15 17 | 17.0
Armour         | 3 4 5 8 9 11 12 14 16 | 16.4
Dodging        | 3 4 5 7 8 10 11 13 15 | 15.1

Action                   |  1- 3 |  4- 6 |  7- 9 | 10-12 || total
-------------------------+-------+-------+-------+-------++-------
Melee: Hand axe          |    10 |    16 |    69 |       ||    95
       Headbutt          |       |     3 |    20 |    29 ||    52
       Battleaxe         |       |       |    10 |   139 ||   149
       Quarterstaff      |       |       |       |     1 ||     1
Invok: Berserk           |     1 |     1 |     5 |     2 ||     9
       Brothers in Arms  |       |       |     3 |     1 ||     4
       Trog's Hand       |       |       |       |     2 ||     2
 Stab: Sleeping          |       |       |     1 |       ||     1
Armor: Robe              |       |       |     1 |       ||     1
       Plate armour      |       |       |     6 |    83 ||    89
Dodge: Dodged            |     3 |     4 |    37 |    98 ||   142

Table legend: (Time is in decaauts)
 A = Elapsed time spent in this place.
 B = Non-inter-level travel time spent in this place.
 C = Inter-level travel time spent in this place.
 D = Time resting spent in this place.
 E = Time spent auto-exploring this place.
 F = Levels seen in this place.
 G = Mean time per level.
                   A        B        C        D        E       F      G
               +--------+--------+--------+--------+--------+-----+--------+
         Total |   2711 |   2711 |      0 |   1737 |      0 |   1 | 2711.0 |
       Dungeon |   2711 |   2711 |      0 |   1737 |      0 |   1 | 2711.0 |
               +--------+--------+--------+--------+--------+-----+--------+

Top non-repeatable levels by time:
       D: 2711 daAuts
